 Dungeon Crawl Stone Soup version 0.31-a0-236-g9a0961fb85 (webtiles) character file.

Game seed: 13915967367172384425

297 qw the Shooter (level 6, 0/37 HPs)
             Began as a Gargoyle Hexslinger on July 10, 2023.
             Slain by Duvessa
             ... wielding a +0 short sword
              (2 damage)
             ... on level 4 of the Dungeon.
             The game lasted 00:01:15 (3037 turns).

qw the Shooter (Gargoyle Hexslinger)                Turns: 3037, Time: 00:01:16

Health: 0/37       AC: 12    Str: 12    XL:     6   Next: 35%
Magic:  7/7        EV: 11    Int: 13    God:
Gold:   230        SH:  0    Dex: 20    Spells: 6/7 levels left

rFire   . . .        b - +0 shortbow
rCold   + . .        (shield currently unavailable)
rNeg    + . .        h - +1 ring mail {rC+}
rPois   inf          (no helmet)
rElec   +            (no cloak)
rCorr   .            f - +0 pair of gloves
SInv    .            m - +0 pair of boots
Will    .....        (no amulet)
Stlth   +            a - +6 ring of dexterity
HPRegen 0.26/turn    (no ring)
MPRegen 0.10/turn

%: no passive effects
@: lit by a corona, glowing
A: sickness immunity, AC +4, negative energy resistance 1, electricity
resistance, torment resistance 1, petrification resistance
a: no special abilities


You were on level 4 of the Dungeon.
You visited 1 branch of the dungeon, and saw 4 of its levels.

You collected 230 gold pieces.


Innate Abilities, Weirdness & Mutations

You are immune to sickness and miasma.
Your stone body is resilient. (AC +4)
You are immune to poison.
You resist negative energy. (rN+)
You are resistant to electric shocks. (rElec)
You are resistant to unholy torment.
You are immune to petrification.


   Skills:
 - Level 3.2 Fighting
 + Level 5.4 Ranged Weapons
 - Level 1.9 Armour
 - Level 1.5 Dodging
 - Level 1.0 Spellcasting
 - Level 2.6 Hexes


You had 6 spell levels left.
You knew the following spells:

 Your Spells              Type           Power      Damage    Failure   Level
a - Slow                  Hex            28%        N/A       21%         1

Your spell library contained the following spells:

 Spells                   Type           Power      Damage    Failure   Level
 Inner Flame              Hex/Fire       4%         N/A       71%         3
 Portal Projectile        Hex/Tloc       8%         N/A       71%         3
 Cause Fear               Hex            3%         N/A       90%         4

Inventory:

Hand Weapons
 b - a +0 shortbow (weapon)
Armour
 f - a +0 pair of gloves (worn)
 h - a +1 ring mail of cold resistance (worn)
 m - a +0 pair of boots (worn)
Jewellery
 a - a +6 ring of dexterity (left hand)
Scrolls
 c - a scroll of enchant armour {unknown}
 g - 3 scrolls of identify
Potions
 d - a potion of lignification {unknown}
 e - a potion of haste
 l - 2 potions of curing
 n - a potion of mutation
 p - a potion of enlightenment

Dungeon Overview and Level Annotations

Branches:
Dungeon (4/15)
 Temple: D:4-7

Altars:
Ru
Uskayaw
The Shining One

Annotations:
D:2 1 runed translucent door, Crazy Yiuf
D:4 Dowan, Duvessa


Message History

Dowan points at you and mumbles some strange words.
The puff of frost hits you. You resist. Duvessa hits you with a +0 short sword.
You shoot an arrow. The arrow hits Duvessa.
Duvessa is heavily wounded.
Dowan hits you but does no damage. Duvessa hits you but does no damage.
You shoot an arrow. The arrow barely misses Duvessa.
Dowan casts a spell.
Dowan blinks!
Duvessa hits you with a +0 short sword. x2
You shoot an arrow. The arrow closely misses Duvessa.
Duvessa hits you with a +0 short sword.
You shoot an arrow.
The arrow hits Duvessa but does no damage.
Duvessa is heavily wounded.
Dowan gestures at you while chanting.
The puff of flame hits you but does no damage.
Duvessa misses you.
You shoot an arrow.
The arrow hits Duvessa but does no damage.
Duvessa is heavily wounded.
Duvessa hits you with a +0 short sword.
You shoot an arrow. The arrow hits Duvessa.
Duvessa is heavily wounded.
Dowan hits you but does no damage. Duvessa hits you with a +0 short sword.
Duvessa hits you but does no damage. Dowan hits you but does no damage.
You shoot an arrow.
The arrow hits Duvessa but does no damage.
Duvessa is heavily wounded.
Dowan casts a spell at Duvessa.
Duvessa seems to speed up.
Duvessa hits you but does no damage.
You shoot an arrow. The arrow closely misses Duvessa.
Duvessa hits you but does no damage. Dowan barely misses you.
Duvessa closely misses you.
You shoot an arrow. The arrow hits Duvessa.
Duvessa is heavily wounded.
Duvessa barely misses you. Dowan closely misses you.
Duvessa hits you with a +0 short sword.
You shoot an arrow. The arrow barely misses Duvessa.
Dowan gestures at you while chanting.
You are outlined in light.
Duvessa hits you with a +0 short sword.
You die...

#...#[# ...
#...#.# ...
#.....# ###.# .
#...#.# #... ..
#...#.###.## .##
#...#.#....###
....
#####...##...#
.....
#>######e#......
### #@e%.._%.
###%..... ......
...%. ##.## ...
#.


You could see Duvessa (fast) and Dowan.

Vanquished Creatures
  A hound (D:3)
  Jessica (D:2)
  Terence (D:2)
  Natasha (thrice) (D:2)
  2 orc wizards (D:3)
  An adder (D:2)
  A dart slug (D:1)
  3 orcs (D:3)
  5 bats
  10 endoplasms
  4 giant cockroaches
  8 goblins
  5 hobgoblins
  5 jackals (D:1)
  2 quokkas
  4 ball pythons
  6 frilled lizards
  10 kobolds
  11 rats
83 creatures vanquished.

Notes
Turn   | Place    | Note
-------+----------+-------------------------------------------
     0 | D:1      | qw the Gargoyle Hexslinger began the quest for the Orb.
     0 | D:1      | Reached XP level 1. HP: 12/12 MP: 2/2
     0 | D:1      | 0 ||| qw: Version: 0.3-a-52-g30416fa
     0 | D:1      | 0 ||| qw: Game counter: 4772
     0 | D:1      | 0 ||| qw: Melee chars always use a shield: true
     0 | D:1      | 0 ||| qw: God list: Okawaru
     0 | D:1      | 0 ||| qw: Allow faded altars: false
     0 | D:1      | 0 ||| qw: Do Orc after clearing Dungeon:15 true
     0 | D:1      | 0 ||| qw: Do second Lair branch before Depths: true
     0 | D:1      | 0 ||| qw: Lair rune preference: random
     0 | D:1      | 0 ||| qw: Goals: Normal
     0 | D:1      | 0 ||| PLANNING D:1-11
    81 | D:1      | Reached XP level 2. HP: 16/16 MP: 3/3
   102 | D:1      | Reached skill level 3 in Ranged Weapons
   178 | D:1      | Reached XP level 3. HP: 21/21 MP: 4/4
   283 | D:1      | 283 ||| Stepping ~*~*~tactically~*~*~ (outnumbered).
   285 | D:1      | 285 ||| Stepping ~*~*~tactically~*~*~ (outnumbered).
   287 | D:1      | 287 ||| Stepping ~*~*~tactically~*~*~ (outnumbered).
   698 | D:1      | 698 ||| UPGRADING to +0 pair of gloves.
   703 | D:1      | 703 ||| UPGRADING to +1 ring mail of cold resistance.
   713 | D:1      | 713 ||| DROPPING +0 robe.
   714 | D:1      | 714 ||| UPGRADING to +0 pair of boots.
   719 | D:1      | 719 ||| READING scroll labelled MAQ YNAUMMOIDD.
   719 | D:1      | Identified a scroll of acquirement
   719 | D:1      | 719 ||| ACQUIRING +6 ring of dexterity
   719 | D:1      | Acquired a +6 ring of dexterity
   721 | D:1      | 721 ||| UPGRADING to +6 ring of dexterity.
   722 | D:1      | 722 ||| READING 4 scrolls labelled LIMU COSTIH.
   723 | D:1      | 723 ||| READING scroll labelled CYLLUV OCISS.
   724 | D:1      | 724 ||| READING scroll labelled YGALUY SOATID.
   725 | D:1      | 725 ||| DRINKING 2 sedimented cyan potions.
   726 | D:1      | 726 ||| READING 3 scrolls of identify.
   726 | D:1      | 726 ||| IDENTIFYING red potion
   727 | D:1      | 727 ||| READING 2 scrolls of identify.
   727 | D:1      | 727 ||| IDENTIFYING orange potion
   728 | D:1      | 728 ||| DROPPING scroll of poison.
   729 | D:1      | 729 ||| DROPPING potion of berserk rage.
   804 | D:2      | Noticed Terence
   813 | D:2      | 813 ||| READING scroll labelled GAHO VOXZE.
   815 | D:2      | 815 ||| FLEEEEING.
   816 | D:2      | 816 ||| FLEEEEING.
   817 | D:2      | 817 ||| FLEEEEING.
   818 | D:2      | 818 ||| FLEEEEING.
   820 | D:2      | Killed Terence
   821 | D:2      | Reached skill level 1 in Armour
   821 | D:2      | Reached XP level 4. HP: 16/26 MP: 5/5
  1120 | D:2      | Noticed Jessica
  1125 | D:2      | Killed Jessica
  1126 | D:2      | Reached skill level 4 in Ranged Weapons
  1126 | D:2      | Reached XP level 5. HP: 30/30 MP: 6/6
  1215 | D:2      | Noticed Natasha
  1220 | D:2      | Killed Natasha
  1230 | D:2      | Found a sacrificial altar of Ru.
  1285 | D:2      | Found a runed translucent door.
  1286 | D:2      | Noticed Crazy Yiuf
  1398 | D:2      | Noticed Natasha
  1406 | D:2      | Killed Natasha
  1517 | D:2      | Noticed Natasha
  1519 | D:2      | 1519 ||| FLEEEEING.
  1520 | D:2      | 1520 ||| FLEEEEING.
  1521 | D:2      | 1521 ||| FLEEEEING.
  1524 | D:2      | 1524 ||| FLEEEEING.
  1527 | D:2      | Killed Natasha
  1528 | D:2      | Reached skill level 5 in Ranged Weapons
  1570 | D:2      | 1570 ||| DRINKING 2 pink potions.
  1571 | D:2      | 1571 ||| READING 3 scrolls of identify.
  1571 | D:2      | 1571 ||| IDENTIFYING glowing purple potion
  1572 | D:2      | 1572 ||| READING 2 scrolls of identify.
  1572 | D:2      | 1572 ||| IDENTIFYING fizzy emerald potion
  1573 | D:2      | 1573 ||| DROPPING potion of brilliance.
  1765 | D:3      | 1765 ||| Stepping ~*~*~tactically~*~*~ (outnumbered).
  1777 | D:3      | 1777 ||| FLEEEEING.
  1778 | D:3      | 1778 ||| FLEEEEING.
  1779 | D:3      | 1779 ||| FLEEEEING.
  1780 | D:3      | 1780 ||| FLEEEEING.
  1781 | D:3      | 1781 ||| FLEEEEING.
  1782 | D:3      | 1782 ||| FLEEEEING.
  1783 | D:3      | 1783 ||| FLEEEEING.
  1784 | D:3      | 1784 ||| FLEEEEING.
  1786 | D:3      | 1786 ||| FLEEEEING.
  1792 | D:3      | Reached XP level 6. HP: 35/36 MP: 7/7
  1801 | D:3      | Reached skill level 3 in Fighting
  2512 | D:3      | Found a faded altar of an unknown god.
  2531 | D:3      | 2531 ||| READING scroll labelled OLLOUP IPNIUTU.
  2532 | D:3      | 2532 ||| READING scroll labelled LABBEME CENASU.
  2533 | D:3      | 2533 ||| READING scroll labelled CUAFAE INAUD.
  2634 | D:3      | 2634 ||| READING scroll labelled DEWNUF VU XUKH.
  2635 | D:3      | 2635 ||| READING scroll labelled EFOCWE GIKLUAST.
  2702 | D:4      | Found a glowing golden altar of the Shining One.
  2723 | D:4      | 2723 ||| SWAPPING to +0 shortbow.
  2724 | D:4      | 2724 ||| DROPPING +1 sling of draining.
  2785 | D:4      | Identified the +5 war axe of the Cup {holy, *Rage rF+
                  | Str+3}
  3014 | D:4      | Found a hide-covered altar of Uskayaw.
  3015 | D:4      | Noticed Duvessa
  3015 | D:4      | Noticed Dowan
  3032 | D:4      | HP: 6/37 [Duvessa/+0 short sword (4)]
  3033 | D:4      | HP: 2/37 [Duvessa/+0 short sword (5)]
  3037 | D:4      | Slain by Duvessa

Levels and vault maps discovered:
D:1:      scummos_arrival_checkerplants, layout_loops_ring,
          lexackson_kobold_supper
D:2:      layout_loops_ring, basic_altar, minmay_ruptured,
          uniq_crazy_yiuf_cottage, uniq_terence, uniq_jessica, uniq_natasha
D:3:      layout_basic, shapermc_ecumenical_altar_petra
D:4:      layout_basic, mainiacjoe_overflow_brackets,
          nicolae_uskayaw_murder_on_the_dancefloor, serial_bayou_pond_a,
          uniq_eustachio, uniq_duvessa

Skill      XL: |  1  2  3  4  5  6 |
---------------+-------------------+-----
Ranged Weapons | 3 4 5 |  5.4
Fighting       | 2 3 |  3.2
Armour         | 1 |  1.9
Dodging        | |  1.5
Spellcasting   | |  1.0
Hexes          | |  2.6

Action                     |  1- 3 |  4- 6 || total
---------------------------+-------+-------++-------
   Fire: Sling             |   120 |   107 ||   227
         Shortbow          |       |    30 ||    30
    Use: Scroll            |     7 |     7 ||    14
         Potion            |     1 |     1 ||     2
 Armour: Robe              |    27 |       ||    27
         Ring mail         |     4 |    59 ||    63
  Dodge: Dodged            |    43 |    39 ||    82

Table legend:
 A = Non-vault XP
 B = Vault XP
 C = Vault XP percentage of total XP
 D = Non-vault monster count
 E = Vault monster count
 F = Vault count percentage of total count
                 A         B        C        D         E       F
            +---------+---------+-------+---------+---------+-------
      Total |     304 |     121 |  28.5 |      69 |      14 |  16.9
            +---------+---------+-------+---------+---------+-------
        D:1 |      51 |       8 |  13.6 |      32 |       8 |  20.0
        D:2 |     109 |     113 |  50.9 |      17 |       6 |  26.1
        D:3 |     134 |       0 |   0.0 |      15 |       0 |   0.0
        D:4 |      10 |       0 |   0.0 |       5 |       0 |   0.0
            +---------+---------+-------+---------+---------+-------
